 Dungeon Sprint DCSS version 0.21-a0-59-g7b0e191 (webtiles) character file.

47686 Kidiri the Imperceptible (level 14, -5/84 HPs)
             Began as a Spriggan Assassin on June 16, 2017.
             Was the Champion of Wu Jian.
             Killed from afar by a deep elf knight (38 damage)
             ... with an orb of energy
             ... in the Dungeon (Sprint VII: "The Pits").
             The game lasted 00:25:22 (4596 turns).

Kidiri the Imperceptible (Spriggan Assassin)        Turns: 4596, Time: 00:25:23

Health: -5/84      AC: 14    Str:  8    XL:     14   Next: 9%
Magic:  24/24      EV: 39    Int: 12    God:    Wu Jian [******]
Gold:   26         SH:  0    Dex: 22    Spells: 23/29 levels left

rFire    . . .     SeeInvis +   a - +7 rapier (venom)
rCold    . . .     Gourm    .   (shield restricted)
rNeg     . . .     Faith    .   c - +1 robe
rPois    .         Spirit   .   (helmet restricted)
rElec    .         Reflect  .   d - +1 cloak
rCorr    .         Harm     .   (gloves unavailable)
MR       ++...     NoTele   +   (boots unavailable)
Stlth    ++++......             (no amulet)
HPRegen  0.24/turn              s - +3 ring of protection
MPRegen  0.19/turn              G - +5 ring of protection

@: glowing, heavenly storm, very quick
A: unfitting armour, see invisible, herbivore 3, speed 3, low mp 1, mutation
resistance 1, slow metabolism 2, sturdy frame 1
a: Serpent's Lash, Heavenly Storm, Renounce Religion


You were in the Dungeon.
You worshipped Wu Jian.
Wu Jian was exalted by your worship.
You were very full.

You visited 1 branch You collected 26 gold pieces.

Inventory:

Hand Weapons
 a - a +7 rapier of venom (weapon)
 b - a +0 blowgun
Missiles
 e - 5 poisoned needles
 f - 2 curare-tipped needles
 y - a throwing net (quivered)
Armour
 c - a +1 robe (worn)
 d - a +1 cloak (worn)
Jewellery
 s - a +3 ring of protection (left hand)
 F - an uncursed ring of protection from magic
 G - a +5 ring of protection (right hand)
Scrolls
 m - 3 scrolls of blinking
 o - 4 scrolls of remove curse
 p - 5 scrolls of amnesia
 q - a scroll of summoning
 A - a scroll of fog
 C - 3 scrolls of fear
 E - 3 scrolls of identify
Potions
 h - 3 potions of heal wounds
 i - 7 potions of curing
 j - 7 potions of haste
 k - 4 potions of magic
 l - 4 potions of berserk rage
 n - 2 potions of invisibility
 t - a potion of cancellation
 u - 3 potions of might
 v - a potion of agility
 w - 2 potions of brilliance
 z - a potion of lignification
Books
 B - a book of Minor Magic

   Spells                             Type                      Level
   a - Magic Dart                     Conjuration                  1
   b - Blink                          Translocation                2
   c - Call Imp                       Summoning                    2
   d - Slow                           Hexes                        2
   e - Conjure Flame                  Conjuration/Fire             3
   f - Mephitic Cloud                 Conjuration/Poison/Air       3
 H - the Handbook of Conjuration and the Birds
   (You found it in the Dungeon)

   Spells                             Type                      Level
   a - Conjure Flame                  Conjuration/Fire             3
   b - Fulminant Prism                Conjuration/Hexes            4
   c - Summon Lightning Spire         Summoning/Air                4
   d - Bolt of Fire                   Conjuration/Fire             6
Comestibles
 g - 8 bread rations
 r - 31 fruits


   Skills:
 * Level 14.3 Fighting
 * Level 17.9 Short Blades
 + Level 12.4 Throwing
 + Level 9.7 Armour
 * Level 22.0 Dodging
 * Level 24.0 Stealth
 * Level 8.0 Spellcasting
 + Level 3.4 Conjurations
 + Level 3.7 Fire Magic
 + Level 4.2 Air Magic
 + Level 4.6 Poison Magic


You had 23 spell levels left.
You knew the following spells:

 Your Spells              Type           Power        Failure   Level  Hunger
a - Conjure Flame         Conj/Fire      ##......     10%         3    ##.....
b - Mephitic Cloud        Conj/Pois/Air  ##......     9%          3    ##.....


Dungeon Overview and Level Annotations

Branches:
Dungeon (1/1)

Altars:
Ashenzari
Cheibriados
Dithmenos
Elyvilon
Fedhas
Gozag
Hepliaklqana
Kikubaaqudgha
Makhleb
Nemelex Xobeh
Okawaru
Qazlal
Ru
Sif Muna
Trog
Uskayaw
Vehumet
Wu Jian
Xom
Yredelemnul
Zin
The Shining One
Beogh
Jiyva
Lugonu

Annotations:
D exclusions: 9 doors and 6 more exclusions


Innate Abilities, Weirdness & Mutations

You are very small and have problems with some larger weapons.
You are too small for most types of armour.
You have supernaturally acute eyesight. (SInv)
You are a herbivore.
You cover ground extremely quickly.
You need consume almost no food.
Your magical capacity is low. (-10% MP)
You are somewhat resistant to further mutation.
Your movements are slightly less encumbered by armour. (ER -2)


Message History

The deep elf mage completely misses you.
The deep elf knight barely misses you.
Things that are here:
a long sword; an elf corpse You spin and attack the deep elf mage.
You impale the deep elf mage!!
The deep elf mage looks as sick as possible!
The deep elf mage is severely wounded.
Unknown command.
You spin and attack the deep elf mage.
You impale the deep elf mage!!
You kill the deep elf mage!
The Council accepts your kill.
Your Spellcasting skill increases to level 8!
Unknown command.
You spin and attack the deep elf knight.
You puncture the deep elf knight!
The deep elf knight looks as sick as possible!
The deep elf knight is severely wounded.
The deep elf knight points at you and mumbles some strange words.
The orb of energy hits you!
You die...

,,*,,*,,,*,,*,,,,,*,,*#+#
,,,,,,,,,,,,,,,*,,,,,*#.#
,,,,,,,,,,,,,,,,,,,,,*#+#
++*****+*****++*++****#.#
,,*<<<<,<<<<*,,,,,,,,*#+#
,,*<<<<,<<<<*,,,,,,,,*#.#
**********************#+#
#######################+#
..............§§@§§§§...#
..............§§§e§§§o§.#
######++##############O.#
,,,*,,,,,,*,,,,*,,*,,#..#
++**,,,,,,**++**,,*,,#..#
,,,*,,,,,,*,,,,*,,,,,#..#
,,,***,,***,,,,****,,#..#
,,,,,,,,,,,,,,,,,,+,,#..#
,,,,,,,,,,,,,,,****,,#e.#


You could see a deep elf knight.

Vanquished Creatures
  An orb of fire (D)
  Xtahua (D)
  A pandemonium lord (D)
  An electric golem (D)
  A nagaraja (D)
  A ghost moth (D)
  An emperor scorpion (D)
  A war gargoyle (D)
  An ettin (D)
  A mummy priest (D)
  A minotaur (D)
  Josephine (D)
  2 rakshasas (D)
  Harold (D)
  An alligator snapping turtle (D)
  A catoblepas (D)
  2 two-headed ogres (D)
  2 death yaks (D)
  A vampire mage (D)
  A deep elf knight (D)
  A shadow wraith (D)
  2 phantasmal warriors (D)
  A flayed ghost (D)
  A lindwurm (D)
  An orc knight (D)
  2 necromancers (D)
  A wolf spider (D)
  A manticore (D)
  7 deep elf magi (D)
  A cyclops (D)
  An orc sorcerer (D)
  A rust devil (D)
  3 elephants (D)
  A merfolk siren (D)
  A molten gargoyle (D)
  2 spiny frogs (D)
  An orange demon (D)
  A rime drake (D)
  An ice devil (D)
  A yaktaur (D)
  A jumping spider (D)
  2 snapping turtles (D)
  A hornet (D)
  A bog body (D)
  3 blink frogs (D)
  2 hippogriffs (D)
  4 redbacks (D)
  A spriggan (D)
  A water elemental (D)
  3 wraiths (D)
  3 tarantellas (D)
  A steam dragon (D)
  A chaos spawn (D)
  A neqoxec (D)
  A warg (D)
  An acid dragon (D)
  A water moccasin (D)
  3 floating eyes (D)
  Duvessa (D)
  A necrophage (D)
  An ogre (D)
  A big kobold (shapeshifter) (D)
  2 gnoll sergeants (D)
  Dowan (D)
  5 killer bees (D)
  4 wights (D)
  A crimson imp (D)
  A hound (D)
  2 orc priests (D)
  2 jellies (D)
  2 orc wizards (D)
  Crazy Yiuf (D)
  An iron imp (D)
  An iguana (D)
  A hell rat (D)
  A mummy (D)
  7 gnolls (D)
  An adder (D)
  2 river rats (D)
  A white imp (D)
  2 oozes (D)
  2 leopard geckos (D)
  7 orcs (D)
  2 bat skeletons (D)
  A bat zombie (D)
  4 hobgoblins (D)
  A giant cockroach simulacrum (D)
  A jackal zombie (D)
  A leopard gecko skeleton (D)
  2 quokka skeletons (D)
148 creatures vanquished.

Notes
Turn   | Place    | Note
-------+----------+-------------------------------------------
     0 | D        | Kidiri the Spriggan Assassin began the quest for the Orb.
     0 | D        | Reached XP level 1. HP: 10/10 MP: 2/2
    15 | D        | Reached skill level 6 in Stealth
    48 | D        | Found a bloodstained altar of Trog.
    48 | D        | Found a deep blue altar of Sif Muna.
    48 | D        | Found a viscous altar of Jiyva.
    48 | D        | Found a hazy altar of Hepliaklqana.
    48 | D        | Found an opulent altar of Gozag.
    49 | D        | Found a glowing golden altar of the Shining One.
    49 | D        | Found a glowing silver altar of Zin.
    49 | D        | Found a basalt altar of Yredelemnul.
    49 | D        | Found a shimmering altar of Xom.
    49 | D        | Found an ornate altar of the Wu Jian Council.
    49 | D        | Found a sacrificial altar of Ru.
    49 | D        | Found a stormy altar of Qazlal.
    49 | D        | Found an iron altar of Okawaru.
    49 | D        | Found a sparkling altar of Nemelex Xobeh.
    49 | D        | Found a burning altar of Makhleb.
    49 | D        | Found a blossoming altar of Fedhas.
    49 | D        | Found a white marble altar of Elyvilon.
    49 | D        | Found a shadowy altar of Dithmenos.
    49 | D        | Found a snail-covered altar of Cheibriados.
    51 | D        | Found a radiant altar of Vehumet.
    51 | D        | Found a corrupted altar of Lugonu.
    51 | D        | Found a roughly hewn altar of Beogh.
    52 | D        | Found a hide-covered altar of Uskayaw.
    52 | D        | Found an ancient bone altar of Kikubaaqudgha.
    52 | D        | Found a shattered altar of Ashenzari.
    58 | D        | Became a worshipper of the Wu Jian Council
   106 | D        | Reached XP level 2. HP: 2/15 MP: 3/3
   365 | D        | Reached * piety under Wu Jian
   368 | D        | Reached skill level 1 in Armour
   373 | D        | Noticed a floating eye
   374 | D        | Noticed a water moccasin
   416 | D        | Reached skill level 7 in Stealth
   416 | D        | Reached XP level 3. HP: 19/19 MP: 4/4
   437 | D        | Paralysed by a floating eye for 2 turns
   447 | D        | Killed a floating eye
   447 | D        | Reached ** piety under Wu Jian
   447 | D        | Reached skill level 5 in Short Blades
   447 | D        | Reached skill level 8 in Stealth
   447 | D        | Reached XP level 4. HP: 25/25 MP: 5/5
   451 | D        | Reached skill level 9 in Stealth
  1134 | D        | Killed a water moccasin
  1134 | D        | Reached skill level 10 in Stealth
  1134 | D        | Reached XP level 5. HP: 30/30 MP: 6/6
  1207 | D        | Noticed a deep elf mage
  1213 | D        | Noticed Crazy Yiuf
  1223 | D        | Reached XP level 6. HP: 35/35 MP: 7/7
  1225 | D        | Reached *** piety under Wu Jian
  1243 | D        | Reached skill level 5 in Fighting
  1250 | D        | Reached **** piety under Wu Jian
  1251 | D        | Killed Crazy Yiuf
  1251 | D        | Reached skill level 11 in Stealth
  1252 | D        | Killed a deep elf mage
  1252 | D        | Reached skill level 5 in Throwing
  1252 | D        | Reached skill level 10 in Dodging
  1252 | D        | Reached skill level 12 in Stealth
  1252 | D        | Reached XP level 7. HP: 19/41 MP: 8/8
  1437 | D        | Paralysed by a floating eye for 4 turns
  1635 | D        | Paralysed by a floating eye for 4 turns
  1640 | D        | Reached ***** piety under Wu Jian
  1649 | D        | Reached skill level 13 in Stealth
  1653 | D        | Paralysed by a floating eye for 2 turns
  1656 | D        | Reached XP level 8. HP: 20/45 MP: 9/9
  1827 | D        | Noticed a two-headed ogre
  1831 | D        | Killed a two-headed ogre
  1831 | D        | Reached skill level 14 in Stealth
  1832 | D        | Reached skill level 10 in Short Blades
  1876 | D        | Gained mutation: You are somewhat resistant to further mutation. [potion of mutation]
  1952 | D        | Noticed a merfolk siren
  1956 | D        | Killed a merfolk siren
  1956 | D        | Reached XP level 9. HP: 51/51 MP: 10/10
  1969 | D        | Reached skill level 15 in Stealth
  1972 | D        | Reached skill level 5 in Armour
  1995 | D        | Noticed Harold
  1999 | D        | Reached ****** piety under Wu Jian
  2024 | D        | Killed Harold
  2149 | D        | Noticed an orc knight
  2156 | D        | Killed an orc knight
  2156 | D        | Reached skill level 16 in Stealth
  2156 | D        | Reached XP level 10. HP: 58/58 MP: 11/11
  2177 | D        | Noticed a manticore
  2180 | D        | Killed a manticore
  2192 | D        | Noticed a minotaur
  2198 | D        | Noticed a phantasmal warrior
  2199 | D        | Noticed Josephine
  2208 | D        | Killed a phantasmal warrior
  2208 | D        | Reached skill level 15 in Dodging
  2209 | D        | Noticed a spiny frog
  2223 | D        | Killed Josephine
  2223 | D        | Reached skill level 17 in Stealth
  2235 | D        | Reached skill level 10 in Fighting
  2237 | D        | Noticed a deep elf mage
  2243 | D        | Killed a deep elf mage
  2248 | D        | Killed a minotaur
  2248 | D        | Reached skill level 18 in Stealth
  2248 | D        | Noticed a cyclops
  2250 | D        | Killed a spiny frog
  2250 | D        | Reached XP level 11. HP: 25/64 MP: 12/12
  2254 | D        | Noticed an orc sorcerer
  2262 | D        | Killed an orc sorcerer
  2582 | D        | Noticed Dowan
  2584 | D        | Noticed a rakshasa
  2585 | D        | Noticed a shadow wraith
  2589 | D        | Noticed Duvessa
  2606 | D        | Noticed a death yak
  2611 | D        | Killed Duvessa
  2615 | D        | Killed a rakshasa
  2615 | D        | Reached skill level 19 in Stealth
  2617 | D        | Killed a death yak
  2618 | D        | HP: 1/65 [hippogriff (6)]
  2622 | D        | Killed Dowan
  2624 | D        | Killed a shadow wraith
  2904 | D        | Noticed a deep elf mage
  2907 | D        | Killed a deep elf mage
  2911 | D        | Reached skill level 10 in Throwing
  2928 | D        | Noticed a two-headed ogre
  2939 | D        | Killed a two-headed ogre
  2939 | D        | Reached skill level 20 in Stealth
  3145 | D        | Noticed a ghost moth
  3169 | D        | Killed a ghost moth
  3169 | D        | Reached XP level 12. HP: 9/71 MP: 0/13
  3473 | D        | Noticed a death yak
  3476 | D        | Reached skill level 15 in Short Blades
  3481 | D        | Killed a death yak
  3571 | D        | Noticed a nagaraja
  3571 | D        | Noticed a mummy priest
  3573 | D        | Killed a nagaraja
  3573 | D        | Reached skill level 21 in Stealth
  3574 | D        | Killed a mummy priest
  3574 | D        | Noticed a reaper
  3706 | D        | Noticed a catoblepas
  3711 | D        | Killed a catoblepas
  3719 | D        | Noticed a vampire mage
  3732 | D        | Noticed an emperor scorpion
  3767 | D        | Killed a vampire mage
  3767 | D        | Reached skill level 22 in Stealth
  3771 | D        | Noticed an ettin
  3794 | D        | Killed an emperor scorpion
  3801 | D        | Killed an ettin
  3801 | D        | Reached XP level 13. HP: 19/77 MP: 14/14
  3974 | D        | Gained mutation: Your magical capacity is low. (-10% MP) [a neqoxec]
  3976 | D        | Gained mutation: Your movements are slightly less encumbered by armour. (ER -2) [a neqoxec]
  4008 | D        | Identified the Handbook of Conjuration and the Birds (You found it in the Dungeon)
  4027 | D        | Identified the Handbook of Conjuration and the Birds (You found it in the Dungeon)
  4057 | D        | Identified Ecizy's Catalogue of Cold and Shape Shifting (You found it in the Dungeon)
  4057 | D        | Identified Ecizy's Catalogue of Cold and Shape Shifting (You found it in the Dungeon)
  4075 | D        | Learned a level 3 spell: Conjure Flame
  4079 | D        | Learned a level 3 spell: Mephitic Cloud
  4493 | D        | Noticed an electric golem
  4495 | D        | Killed an electric golem
  4495 | D        | Reached skill level 1 in Conjurations
  4495 | D        | Reached skill level 1 in Fire Magic
  4495 | D        | Reached skill level 1 in Air Magic
  4495 | D        | Reached skill level 1 in Poison Magic
  4502 | D        | Noticed an orb of fire
  4503 | D        | Killed an orb of fire
  4503 | D        | Reached skill level 23 in Stealth
  4503 | D        | Reached skill level 5 in Spellcasting
  4506 | D        | Noticed a war gargoyle
  4507 | D        | Killed a war gargoyle
  4510 | D        | Noticed Bahiuc the pandemonium lord
  4511 | D        | Killed Bahiuc the pandemonium lord
  4514 | D        | Noticed Xtahua
  4515 | D        | Killed Xtahua
  4515 | D        | Reached XP level 14. HP: 84/84 MP: 14/23
  4554 | D        | Noticed an orc warlord
  4555 | D        | Noticed a lich
  4555 | D        | Reached skill level 24 in Stealth
  4596 | D        | Killed from afar by a deep elf knight

Vault maps used:
D:        pitsprint

Skill      XL: |  1  2  3  4  5  6  7  8  9 10 11 12 13 14 |
---------------+-------------------------------------------+-----
Dodging        | 3 4 6 7 8 10 11 12 14 16 18 20 22 | 22.0
Stealth        | 6 7 8 10 12 13 14 16 18 20 22 23 24 | 24.0
Fighting       | 2 4 6 8 9 10 12 13 14 | 14.3
Short Blades   | 3 5 6 8 10 11 13 14 16 17 | 17.9
Armour         | 1 2 3 4 5 6 7 8 9 |  9.7
Throwing       | 3 4 5 7 9 10 11 12 | 12.4
Spellcasting   | 7 8 |  8.0
Conjurations   | 3 |  3.4
Fire Magic     | 3 |  3.7
Air Magic      | 3 4 |  4.2
Poison Magic   | 4 |  4.6

Action                   |  1- 3 |  4- 6 |  7- 9 | 10-12 | 13-15 || total
-------------------------+-------+-------+-------+-------+-------++-------
Melee: Dagger            |    23 |    59 |    82 |   167 |       ||   331
       Rapier            |       |       |       |   230 |    54 ||   284
 Fire: Blowgun           |     4 |     3 |       |       |       ||     7
Throw: Throwing net      |       |       |     1 |       |     3 ||     4
Invok: Serpent's Lash    |       |       |     3 |    11 |     2 ||    16
       Heavenly Storm    |       |       |     1 |     3 |     1 ||     5
  Use: Potion            |       |     3 |     1 |     6 |       ||    10
       Scroll            |       |       |       |     7 |     1 ||     8
 Stab: Sleeping          |     4 |     2 |     9 |    16 |    12 ||    43
       Distracted        |       |     2 |       |     1 |       ||     3
       Held in net/web   |       |       |     1 |       |       ||     1
  Eat: Fruit             |       |       |       |     9 |       ||     9
Armor: Robe              |       |     1 |     4 |    15 |     3 ||    23
Dodge: Dodged            |    12 |    31 |    38 |   272 |    15 ||   368
